 Dungeon Crawl Stone Soup version 0.31.0-9-g3a7656b989 (webtiles) character file.

Game seed: 14355455745059173853

1697 qw the Skirmisher (level 8, 0/40 HPs)
             Began as a Spriggan Hunter on Feb 2, 2024.
             Was a Follower of Okawaru.
             Succumbed to a water moccasin's poison
             ... on level 6 of the Dungeon.
             The game lasted 00:00:29 (5183 turns).

qw the Skirmisher (Spriggan Hunter)                 Turns: 5183, Time: 00:00:30

Health: 0/40       AC:  2    Str:  7    XL:     8   Next: 72%
Magic:  9/9        EV: 24    Int: 10    God:    Okawaru [*.....]
Gold:   358        SH:  0    Dex: 21    Spells: 7/7 levels left

rFire   . . .        a - +4 shortbow
rCold   . . .        (shield currently unavailable)
rNeg    . . .        c - +0 robe
rPois   .            (helmet restricted)
rElec   .            (no cloak)
rCorr   .            (gloves unavailable)
SInv    +            (boots unavailable)
Will    +....        (no amulet)
Stlth   ++           (no ring)
HPRegen 0.26/turn    (no ring)
MPRegen 0.11/turn

%: no passive effects
@: lethally poisoned (0 -> -30), very quick
A: very small, no large weapons, unfitting armour, see invisible, speed 3
a: Renounce Religion, Heroism


You were on level 6 of the Dungeon.
You worshipped Okawaru.
Okawaru was aware of your devotion.
You visited 2 branches of the dungeon, and saw 7 of its levels.

You collected 358 gold pieces.


Innate Abilities, Weirdness & Mutations

You are very small and have problems with some larger weapons.
You are too small for most types of armour.
You have supernaturally acute eyesight. (SInv)
You cover ground extremely quickly. (Speed+++)


   Skills:
 - Level 3.1 Fighting
 + Level 9.2 Ranged Weapons
 - Level 9.0 Dodging
 - Level 1.5 Stealth
 + Level 1.2 Invocations


You had 7 spell levels left.
You didn't know any spells.
Your spell library was empty.

Inventory:

Hand Weapons
 a - a +4 shortbow (weapon)
Armour
 c - a +0 robe (worn)
Jewellery
 e - a ring of fire
 h - an amulet of guardian spirit
 i - a +6 ring of intelligence
Scrolls
 b - 5 scrolls of identify
 j - 2 scrolls of enchant armour
Potions
 f - a potion of curing
 g - a potion of mutation
 k - a potion of lignification {unknown}

Dungeon Overview and Level Annotations

Branches:
Dungeon (6/15)             Temple (1/1) D:5

Altars:
Ashenzari
Cheibriados
Elyvilon
Fedhas
Gozag
Hepliaklqana
Makhleb
Nemelex Xobeh
Okawaru
Qazlal
Ru
Sif Muna
Trog
Uskayaw
Vehumet
Wu Jian
Yredelemnul
The Shining One


Message History

The water moccasin hisses angrily.
You shoot an arrow.
The arrow barely misses the water moccasin.
The water moccasin bites you!
You are poisoned.
The water moccasin poisons you!
You shoot an arrow. The arrow hits the water moccasin!
The water moccasin is moderately wounded.
You feel very sick.
The water moccasin completely misses you.
You shoot an arrow.
The arrow closely misses the water moccasin.
You feel sick.
The water moccasin completely misses you.
You shoot an arrow.
The arrow closely misses the water moccasin.
You feel sick.
The water moccasin completely misses you.
The water moccasin misses you.
You shoot an arrow. The arrow hits the water moccasin.
The water moccasin is heavily wounded.
You feel sick. The water moccasin closely misses you.
You shoot an arrow. The arrow hits the water moccasin!
The water moccasin is severely wounded.
You feel sick.
The water moccasin completely misses you.
You shoot an arrow.
The arrow completely misses the water moccasin.
You feel sick. The water moccasin bites you.
You are lethally poisoned!
The water moccasin poisons you!
The water moccasin completely misses you.
You shoot an arrow. The arrow misses the water moccasin.
You feel very sick. The water moccasin bites you.
You are more poisoned.
The water moccasin poisons you!
You shoot an arrow.
The arrow closely misses the water moccasin.
You die...

##.#.......###..##....
##.......######........
#####...##.####............
##.#........###....#........
#............#...#####.....#
##...#........##.##..#..(.###
#....#......<..............#.
#.....>.......#.#.........###
#...........@####............
##............S###..##........
#.....................##......
##.#...........##.#..####.....
###.....###...#####...>......
##....####..## #.....?.....
####..# #...####..........
#...# ##..##............ #...#
#..##....###.###..


You could see a water moccasin.

Vanquished Creatures
  A water moccasin (D:6)
  2 ice beasts
  A black bear (D:4)
  A centaur (D:5)
  2 phantoms
  6 scorpions
  A wight (D:5)
  2 howler monkeys
  A hound (D:5)
  2 jellies (D:6)
  A bombardier beetle (D:5)
  An orc priest (D:6)
  A gnoll bouda (D:4)
  Jessica (D:2)
  4 iguanas
  Robin (D:2)
  8 gnolls
  8 adders
  2 shadow imps
  2 white imps (D:6)
  2 ribbon worms
  2 dart slugs
  12 orcs
  13 ball pythons
  2 bats
  4 endoplasms
  3 giant cockroaches
  9 goblins
  8 hobgoblins
  8 kobolds
  3 quokkas
  2 frilled lizards
  6 rats
122 creatures vanquished.

Vanquished Creatures (others)
  A black bear (D:6)
  2 hounds (D:6)
  An adder (D:6)
4 creatures vanquished.

Grand Total: 126 creatures vanquished

Notes
Turn   | Place    | Note
-------+----------+-------------------------------------------
     0 | D:1      | qw the Spriggan Hunter began the quest for the Orb.
     0 | D:1      | Reached XP level 1. HP: 10/10 MP: 2/2
     0 | D:1      | 0 ||| qw: Version: 0.3-a-155-g5e7d8dd
     0 | D:1      | 0 ||| qw: Game counter: 2240
     0 | D:1      | 0 ||| qw: Melee chars always use a shield: true
     0 | D:1      | 0 ||| qw: God list: Okawaru
     0 | D:1      | 0 ||| qw: Allow faded altars: false
     0 | D:1      | 0 ||| qw: Do Orc after clearing Dungeon:15 true
     0 | D:1      | 0 ||| qw: Do second Lair branch before Depths: true
     0 | D:1      | 0 ||| qw: Lair rune preference: random
     0 | D:1      | 0 ||| qw: Goals: Normal
     0 | D:1      | 0 ||| PLANNING D:1-11
    44 | D:1      | Reached skill level 3 in Dodging
   200 | D:1      | Reached XP level 2. HP: 14/14 MP: 3/3
   297 | D:1      | You fall into a shaft and drop 1 floor!
   297 | D:2      | Found the +7 Throatcutter {drain, coup de grace}
   298 | D:2      | 298 ||| READING scroll labelled VOSIC VESCHEI.
   298 | D:2      | 298 ||| IDENTIFYING scroll labelled KEMOIQ OBOEDWY
   299 | D:2      | 299 ||| DROPPING scroll of butterflies.
   300 | D:2      | 300 ||| DROPPING scroll of noise.
   668 | D:1      | 668 ||| READING scroll labelled MUCSED QERICA.
   769 | D:1      | 769 ||| READING scroll labelled WENTOLOLUL.
   870 | D:1      | 870 ||| READING scroll labelled FOBUTTANAU.
   870 | D:1      | 870 ||| ENCHANTING +0 shortbow.
   968 | D:2      | Noticed Robin
   969 | D:2      | 969 ||| RETREEEEATING.
   973 | D:2      | 973 ||| RETREEEEATING.
  1009 | D:2      | 1009 ||| RETREEEEATING.
  1014 | D:2      | HP: 3/14 [goblin/+0 club[Robin] (6)]
  1016 | D:2      | 1016 ||| RETREEEEATING.
  1017 | D:2      | 1017 ||| RETREEEEATING.
  1018 | D:2      | 1018 ||| RETREEEEATING.
  1019 | D:2      | 1019 ||| FLEEEEING.
  1020 | D:2      | 1020 ||| FLEEEEING.
  1021 | D:2      | 1021 ||| FLEEEEING.
  1022 | D:2      | 1022 ||| FLEEEEING.
  1023 | D:2      | 1023 ||| FLEEEEING.
  1024 | D:2      | 1024 ||| FLEEEEING.
  1025 | D:2      | 1025 ||| FLEEEEING.
  1026 | D:2      | 1026 ||| FLEEEEING.
  1027 | D:2      | 1027 ||| FLEEEEING.
  1028 | D:2      | 1028 ||| FLEEEEING.
  1029 | D:2      | 1029 ||| FLEEEEING.
  1030 | D:2      | 1030 ||| FLEEEEING.
  1032 | D:2      | 1032 ||| FLEEEEING.
  1034 | D:2      | 1034 ||| FLEEEEING.
  1035 | D:2      | 1035 ||| FLEEEEING.
  1040 | D:2      | Reached XP level 3. HP: 10/18 MP: 4/4
  1040 | D:2      | 1040 ||| FLEEEEING.
  1041 | D:2      | 1041 ||| FLEEEEING.
  1042 | D:2      | 1042 ||| FLEEEEING.
  1043 | D:2      | 1043 ||| FLEEEEING.
  1046 | D:2      | 1046 ||| STAIRDANCE
  1150 | D:2      | Killed Robin
  1424 | D:2      | Reached XP level 4. HP: 22/22 MP: 5/5
  1782 | D:2      | Noticed Jessica
  1788 | D:2      | Killed Jessica
  1894 | D:2      | 1894 ||| READING scroll of identify.
  1894 | D:2      | 1894 ||| IDENTIFYING metallic inky potion
  1895 | D:2      | 1895 ||| READING 2 scrolls labelled EXKOHA UFULOCO.
  1896 | D:2      | 1896 ||| READING scroll labelled IKKORU XI ELIA.
  1897 | D:2      | 1897 ||| READING scroll labelled NOADOPOALA.
  1898 | D:2      | 1898 ||| DROPPING scroll of poison.
  1900 | D:2      | 1900 ||| Stepping ~*~*~tactically~*~*~ (cloud).
  1906 | D:2      | HP: 5/22 [poisoned by you (poison gas)]
  1910 | D:2      | HP: 2/22 [poisoned by you (poison gas)]
  2023 | D:3      | Found a faded altar of an unknown god.
  2324 | D:3      | Reached XP level 5. HP: 26/26 MP: 6/6
  2501 | D:3      | 2501 ||| READING 2 scrolls of identify.
  2501 | D:3      | 2501 ||| IDENTIFYING glowing ruby potion
  2502 | D:3      | 2502 ||| READING scroll of identify.
  2502 | D:3      | 2502 ||| IDENTIFYING scroll labelled ORATI VUNITTU
  2503 | D:3      | 2503 ||| READING scroll labelled LIZ PUDEFEJIARCH.
  2503 | D:3      | 2503 ||| ENCHANTING +0 shortbow.
  2504 | D:3      | 2504 ||| DROPPING scroll of revelation.
  2505 | D:3      | 2505 ||| DROPPING potion of brilliance.
  2665 | D:4      | Noticed an ice beast
  2666 | D:4      | 2666 ||| RETREEEEATING.
  2785 | D:4      | Reached skill level 6 in Ranged Weapons
  2856 | D:4      | 2856 ||| RETREEEEATING.
  2868 | D:4      | 2868 ||| RETREEEEATING.
  2870 | D:4      | Killed an ice beast
  2871 | D:4      | Reached skill level 6 in Dodging
  2871 | D:4      | Reached XP level 6. HP: 13/30 MP: 7/7
  3174 | D:4      | 3174 ||| FLEEEEING.
  3175 | D:4      | 3175 ||| FLEEEEING.
  3206 | D:4      | HP: 6/30 [gnoll/+0 halberd[a gnoll bouda] (9)]
  3207 | D:4      | 3207 ||| DRINKING potion of heal wounds.
  3438 | D:4      | 3438 ||| READING scroll of enchant weapon.
  3438 | D:4      | 3438 ||| ENCHANTING +1 shortbow.
  3574 | D:4      | 3574 ||| UPGRADING to amulet of guardian spirit.
  3579 | D:4      | 3579 ||| READING 3 scrolls of identify.
  3579 | D:4      | 3579 ||| IDENTIFYING clear potion
  3580 | D:4      | 3580 ||| READING 2 scrolls of identify.
  3580 | D:4      | 3580 ||| IDENTIFYING smoky blue potion
  3581 | D:4      | 3581 ||| READING scroll of identify.
  3581 | D:4      | 3581 ||| IDENTIFYING scroll labelled DIABEU ATYATUWK
  3582 | D:4      | 3582 ||| READING scroll labelled HUF JI DIESH.
  3586 | D:4      | 3586 ||| READING scroll labelled VEQIRO VAQAREI.
  3587 | D:4      | 3587 ||| DROPPING scroll of amnesia.
  3609 | D:5      | Entered Level 5 of the Dungeon
  3614 | D:5      | Reached XP level 7. HP: 35/35 MP: 8/8
  3722 | D:5      | HP: 8/35 [poisoned by a scorpion]
  3727 | D:5      | HP: 3/35 [poisoned by a scorpion]
  3913 | D:5      | 3913 ||| FLEEEEING.
  3914 | D:5      | 3914 ||| FLEEEEING.
  3915 | D:5      | 3915 ||| FLEEEEING.
  3918 | D:5      | 3918 ||| FLEEEEING.
  3919 | D:5      | 3919 ||| FLEEEEING.
  3921 | D:5      | 3921 ||| FLEEEEING.
  4042 | D:5      | 4042 ||| RETREEEEATING.
  4043 | D:5      | 4043 ||| FLEEEEING.
  4044 | D:5      | 4044 ||| FLEEEEING.
  4045 | D:5      | 4045 ||| FLEEEEING.
  4046 | D:5      | 4046 ||| FLEEEEING.
  4048 | D:5      | 4048 ||| FLEEEEING.
  4049 | D:5      | 4049 ||| FLEEEEING.
  4050 | D:5      | 4050 ||| FLEEEEING.
  4051 | D:5      | 4051 ||| FLEEEEING.
  4052 | D:5      | 4052 ||| FLEEEEING.
  4053 | D:5      | 4053 ||| FLEEEEING.
  4054 | D:5      | 4054 ||| FLEEEEING.
  4055 | D:5      | 4055 ||| FLEEEEING.
  4059 | D:5      | 4059 ||| STAIRDANCE
  4100 | D:5      | 4100 ||| STAIRDANCE
  4108 | D:4      | Reached XP level 8. HP: 33/39 MP: 7/9
  4186 | D:5      | Found a staircase to the Ecumenical Temple.
  4187 | D:5      | 4187 ||| PLANNING TEMPLE
  4193 | Temple   | Entered the Ecumenical Temple
  4194 | Temple   | 4194 ||| PLANNING OKAWARU WORSHIP
  4208 | Temple   | Became a worshipper of Warmaster Okawaru
  4209 | Temple   | 4209 ||| PLANNING D:1-11
  4209 | Temple   | 4209 ||| REMOVING amulet of guardian spirit.
  4386 | D:5      | Reached skill level 3 in Fighting
  4755 | D:6      | 4755 ||| READING scroll of enchant weapon.
  4755 | D:6      | 4755 ||| ENCHANTING +2 shortbow.
  4877 | D:6      | Reached skill level 9 in Ranged Weapons
  4878 | D:6      | 4878 ||| FLEEEEING.
  4880 | D:6      | 4880 ||| FLEEEEING.
  4938 | D:6      | 4938 ||| READING scroll of enchant weapon.
  4938 | D:6      | 4938 ||| ENCHANTING +3 shortbow.
  4980 | D:6      | Reached * piety under Okawaru
  4981 | D:6      | Reached skill level 9 in Dodging
  5040 | D:6      | Reached skill level 1 in Invocations
  5042 | D:6      | 5042 ||| RETREEEEATING.
  5043 | D:6      | 5043 ||| RETREEEEATING.
  5044 | D:6      | 5044 ||| RETREEEEATING.
  5045 | D:6      | 5045 ||| RETREEEEATING.
  5046 | D:6      | 5046 ||| RETREEEEATING.
  5047 | D:6      | 5047 ||| RETREEEEATING.
  5049 | D:6      | 5049 ||| RETREEEEATING.
  5050 | D:6      | 5050 ||| RETREEEEATING.
  5051 | D:6      | 5051 ||| RETREEEEATING.
  5055 | D:6      | 5055 ||| RETREEEEATING.
  5064 | D:6      | HP: 3/40 [orc warrior/+0 war axe (15)]
  5065 | D:6      | 5065 ||| READING scroll of teleportation.
  5182 | D:6      | HP: 10/40 [poisoned by a water moccasin]
  5183 | D:6      | Succumbed to a water moccasin's poison

Levels and vault maps discovered:
D:1:      minmay_arrival_five_plusses, layout_basic, minivault_19
D:2:      layout_basic, nrook_uturn, uniq_jessica, uniq_robin
D:3:      layout_rooms, nicolae_ecumenical_snake_handling, minivault_25,
          kennysheep_generic_room_16
D:4:      layout_loops_corners, st_stairs_1, minivault_25
D:5:      layout_gridville, minmay_temple_entry_overgrown, st_stairs_10,
          grunt_decor_one_mirror
D:6:      layout_cave_pools, xom_confusion_cloud, serial_bayou_pond_d,
          minivault_10
Temple:   hc_temple_tempest_star

Skill      XL: |  1  2  3  4  5  6  7  8 |
---------------+-------------------------+-----
Dodging        | 3 4 5 6 8 9 |  9.0
Ranged Weapons | 5 6 7 8 9 |  9.2
Fighting       | 2 3 |  3.1
Invocations    | 1 |  1.2
Stealth        | |  1.5

Action                     |  1- 3 |  4- 6 |  7- 9 || total
---------------------------+-------+-------+-------++-------
   Fire: Shortbow          |    80 |   185 |   216 ||   481
    Use: Scroll            |     4 |    13 |     3 ||    20
         Potion            |       |     1 |       ||     1
 Armour: Robe              |    15 |    22 |    38 ||    75
  Dodge: Dodged            |    35 |    82 |   125 ||   242

Table legend:
 A = Non-vault XP
 B = Vault XP
 C = Vault XP percentage of total XP
 D = Non-vault monster count
 E = Vault monster count
 F = Vault count percentage of total count
                 A         B        C        D         E       F
            +---------+---------+-------+---------+---------+-------
      Total |    1788 |     637 |  26.3 |      94 |      28 |  23.0
            +---------+---------+-------+---------+---------+-------
        D:1 |      19 |       0 |   0.0 |      11 |       0 |   0.0
        D:2 |      63 |      71 |  53.0 |      17 |      12 |  41.4
        D:3 |      45 |      26 |  36.6 |      16 |       7 |  30.4
        D:4 |     628 |       5 |   0.8 |      23 |       2 |   8.0
        D:5 |     566 |     239 |  29.7 |      17 |       3 |  15.0
        D:6 |     467 |     296 |  38.8 |      10 |       4 |  28.6
            +---------+---------+-------+---------+---------+-------
